 Dungeon Crawl Stone Soup version 0.27-a0-40-g5f2be0e231 (webtiles) character file.

Game seed: 6369394635294250359

9 robertstho the Chiller (level 2, 0/22 HPs)
             Began as a Naga Ice Elementalist on Jan 5, 2021.
             Slain by a kobold
             ... wielding a +0 short sword
              (3 damage)
             ... on level 1 of the Dungeon.
             The game lasted 00:00:40 (610 turns).

robertstho the Chiller (Naga Ice Elementalist)       Turns: 610, Time: 00:00:41

Health: 0/22       AC:  1    Str: 10    XL:     2   Next: 12%
Magic:  1/5        EV: 10    Int: 15    God:
Gold:   59         SH:  0    Dex: 11    Spells: 4/5 levels left

rFire    . . .     SeeInvis +   g - +0 dagger (venom)
rCold    . . .     Faith    .   (no shield)
rNeg     . . .     Spirit   .   a - +0 robe
rPois    +         Reflect  .   (no helmet)
rElec    .         Harm     .   (no cloak)
rCorr    .         Rampage  .   (no gloves)
Will     .....                  (no barding)
Stlth    ++........             (no amulet)
HPRegen  0.07/turn              (no ring)
MPRegen  0.09/turn              (no ring)

@: brilliant, very slow
A: large, see invisible, deformed body, poison resistance, slowness 2, spit
poison 1, AC +0
a: Spit Poison


You were on level 1 of the Dungeon.
You visited 1 branch of the dungeon, and saw 1 of its levels.

You collected 59 gold pieces.

Inventory:

Hand Weapons
 c - a +0 hand axe
 g - a +0 dagger of venom (weapon)
Armour
 a - a +0 robe (worn)
Scrolls
 f - a scroll of identify {unknown}
Potions
 d - a potion of berserk rage {unknown}
 e - a potion of heal wounds {unknown}


   Skills:
 * Level 0.2 Fighting
 + Level 1.7 Dodging
 * Level 3.1 Stealth
 * Level 2.2 Spellcasting
 + Level 4.1 Ice Magic


You had 4 spell levels left.
You knew the following spells:

 Your Spells              Type           Power        Failure   Level
a - Freeze                Ice            84%          4%          1

Your spell library contained the following spells:

 Spells                   Type           Power        Failure   Level
 Frozen Ramparts          Ice            42%          12%         3
 Ozocubu's Armour         Ice            21%          12%         3
 Hailstorm                Conj/Ice       11%          67%         4
 Summon Ice Beast         Ice/Summ       11%          67%         4


Dungeon Overview and Level Annotations

Branches:
Dungeon (1/15)

Altars:


Innate Abilities, Weirdness & Mutations

You cannot wear boots.
Your serpentine skin is tough. (AC +0)
You have supernaturally acute eyesight. (SInv)
Armour fits poorly on your strangely shaped body.
Your system is resistant to poisons. (rPois)
You cover ground very slowly.
You can spit poison.


Message History

a +0 dagger of venom; a goblin corpse; a hobgoblin corpse Your +0 dagger of venom begins to drip with poison!
g - a +0 dagger of venom (weapon)
The kobold hits you with a +0 short sword.
You closely miss the kobold.
The kobold hits you with a +0 short sword.
* * * LOW HITPOINT WARNING * * *
You hit the kobold.
The kobold is poisoned.
The kobold is moderately wounded.
The kobold hits you with a +0 short sword.
* * * LOW HITPOINT WARNING * * *
Casting: Freeze (safe; 4% risk of failure)
Confirm with . or Enter, or press ? or * to list all spells.
You don't have enough magic to cast that spell.
The kobold barely misses you.
Unknown command.
It was a potion of brilliance.
You feel clever all of a sudden.
The kobold hits you with a +0 short sword.
You die...

#.............
##..........#†.
...#.......###. .
..........##.#. ..
..........###.. ##.####
####.#.#..##.. .......
#.#.#......
#.....#######.#.#......
#$...K@(........#.....#
......########.###....#.
.##.. #.#......#. #.
#...###.... #
#..#..#..#. #.....#..#.
#.....#..## #..#.#....#
#..........


You could see a kobold (very poisoned).

Vanquished Creatures
  A dart slug (D:1)
  A goblin (D:1)
  3 hobgoblins (D:1)
  A rat (D:1)
6 creatures vanquished.

Notes
Turn   | Place    | Note
-------+----------+-------------------------------------------
     0 | D:1      | robertstho the Naga Ice Elementalist began the quest for
                  | the Orb.
     0 | D:1      | Reached XP level 1. HP: 15/15 MP: 3/3
   601 | D:1      | Reached XP level 2. HP: 19/22 MP: 1/5
   610 | D:1      | Slain by a kobold

Illustrated notes

Levels and vault maps discovered:
D:1:      erik_arrival_blinker_ship, layout_basic, nrook_mini_vaults

Action                   || total
-------------------------++-------
Melee: Hand axe          ||     5
       Unarmed           ||     2
       Dagger            ||     2
 Cast: Freeze            ||     9
  Use: Potion            ||     1
Dodge: Dodged            ||     9

Table legend: (Time is in decaauts)
 A = Elapsed time spent in this place.
 B = Non-inter-level travel time spent in this place.
 C = Inter-level travel time spent in this place.
 D = Time resting spent in this place.
 E = Time spent auto-exploring this place.
 F = Levels seen in this place.
 G = Mean time per level.
                   A        B        C        D        E       F      G
               +--------+--------+--------+--------+--------+-----+--------+
         Total |    688 |    688 |      0 |    381 |    251 |   1 |  688.0 |
       Dungeon |    688 |    688 |      0 |    381 |    251 |   1 |  688.0 |
               +--------+--------+--------+--------+--------+-----+--------+

Top non-repeatable levels by time:
     D:1: 688 daAuts
